 Dungeon Crawl Stone Soup version 0.27.0-1-g7a08968 (webtiles) character file.

Game seed: 7730291409739224179

10869 AmazingTV the Protected (level 11, -2/151 HPs)
             Began as a Minotaur Fighter on June 21, 2022.
             Slain by an orc warlord (4 damage)
             ... in a bailey.
             The game lasted 00:40:30 (8913 turns).

AmazingTV the Protected (Minotaur Fighter)          Turns: 8913, Time: 00:40:31

Health: -2/151     AC: 25    Str: 23    XL:     11   Next: 41%
Magic:  12/12      EV:  2    Int:  5    God:
Gold:   313        SH: 10    Dex: 11    Spells: 10/10 levels left

rFire    . . .     SeeInvis .   a - +2 mace (protect)
rCold    . . .     Faith    .   c - +0 kite shield
rNeg     + + +     Spirit   .   (armour currently unavailable)
rPois    +         Reflect  .   (helmet currently unavailable)
rElec    .         Harm     .   (cloak currently unavailable)
rCorr    .         Rampage  .   (gloves currently unavailable)
Will     .....     NoTele   +   (boots currently unavailable)
Stlth    ..........             (no amulet)
HPRegen  0.35/turn              v - +4 ring of evasion
MPRegen  0.13/turn              (no ring)

@: tree-form, silenced, very slightly contaminated, invisible
A: stationary, stasis, torment immunity, boosted hp, (horns 2), (retaliatory
headbutt)
a: no special abilities


You were in a bailey.
You were a tree.
You visited 1 branch of the dungeon, and saw 7 of its levels.
You also visited: Bailey.

You collected 313 gold pieces.

Inventory:

Hand Weapons
 a - a +2 mace of protection (weapon)
 b - a +0 hand crossbow
 n - a +4 quarterstaff of chaos
 p - a +4 hand axe
 A - a +3 short sword
 G - a +0 war axe
Missiles
 i - 129 bolts
Armour
 c - a +0 kite shield (worn)
 m - a scarf of repulsion (melded)
 o - a +2 cloak
 r - a +0 pair of boots (melded)
 J - a +1 scale mail of fire resistance (melded)
Jewellery
 v - a +4 ring of evasion (left branch)
Wands
 y - a wand of flame (15)
 B - a wand of iceblast (7)
 I - a wand of acid (9)
Scrolls
 d - a scroll of brand weapon {unknown}
 f - a scroll of blinking {unknown}
 h - a scroll of fear {unknown}
 j - 4 scrolls of teleportation {unknown}
 l - a scroll of silence
 s - 6 scrolls of identify {unknown}
 t - a scroll of immolation {unknown}
 x - a scroll of noise {unknown}
 z - a scroll of holy word {unknown}
 C - 2 scrolls of amnesia {unknown}
 F - a scroll of torment {unknown}
Potions
 g - a potion of attraction {unknown}
 k - a potion of flight
 D - a potion of magic
 H - a potion of invisibility


   Skills:
 + Level 10.8 Fighting
 - Level 10.4(10.9) Axes
 + Level 4.8(8.3) Maces & Flails
 + Level 8.0 Crossbows
 + Level 10.8 Armour
 + Level 6.3 Shields
 + Level 3.9 Invocations


You had 10 spell levels left.
You didn't know any spells.
Your spell library contained the following spells:

 Spells                   Type           Power      Damage    Failure   Level
 Freeze                   Ice            0%         1d3       85%         1
 Sublimation of Blood     Necr           0%         N/A       94%         2
 Wereblood                Tmut           0%         N/A       94%         2
 Conjure Flame            Conj/Fire      0%         6-21      99%         3
 Dazzling Flash           Conj/Hex       0%         N/A       99%         3
 Frozen Ramparts          Ice            0%         1d2       99%         3
 Ignite Poison            Fire/Tmut/Pois 0%         N/A       99%         3
 Airstrike                Air            0%         N/A       100%        4
 Hailstorm                Conj/Ice       0%         3d3       100%        4
 Iskenderun's Mystic Bla  Conj/Tloc      0%         2d3       100%        4
 Sticky Flame             Conj/Fire      0%         2d3       100%        4
 Summon Lightning Spire   Summ/Air       0%         N/A       100%        4
 Lightning Bolt           Conj/Air       0%         1d11      100%        5
 Starburst                Conj/Fire      0%         8x6d3     100%        6
 Summon Hydra             Summ           0%         N/A       100%        7


Dungeon Overview and Level Annotations

Branches:
Dungeon (7/15)             Bailey (1/1)
 Temple: D:4-7

Altars:
Dithmenos
Hepliaklqana
Nemelex Xobeh
Okawaru
Ru
Vehumet

Shops:
D:4 (   D:5 =

Annotations:
D:3 Sigmund
D:6 exclusion: statue


Innate Abilities, Weirdness & Mutations

You are a tree.
Your roots penetrate the ground, keeping you stationary.
You cannot be teleported.
You are immune to unholy pain and torment.
Your maximum health is greatly increased.
Your equipment is partially melded.
((You have a pair of horns on your head.))
((You reflexively headbutt those who attack you in melee.))


Message History

Items here: ))))) [[[[[.
The orc warlord hits you with a +3 war axe!
* * * LOW HITPOINT WARNING * * *
There is an open door, spattered with blood here.
Items here: ))))))))))))) [[[[[[[[[[[[[.
Things that are here:
a +0 hand axe; a +0 leather armour
Things that are here:
a +0 war axe; a +0 ring mail
Items here: )))))) [[[[[ ÷.
There is an open door, spattered with blood here.
Items here: )))))))))))) [[[[[[[[[[[[ ÷÷.
You see here a +0 leather armour.
There is a fountain of clear blue water here.
There is an open door here.
There is an open door here.
There is an open door, spattered with blood here.
Things that are here:
a +0 hand axe; a +0 leather armour You see here a datura-tipped dart.
There is a fountain of clear blue water here.
It was a potion of lignification.
You turn into a tree.
Your scarf of repulsion melds into your body.
Your +0 pair of boots melds into your body.
Your +1 scale mail of fire resistance melds into your body.
The haze of the repulsion field disappears.
You feel less resistant to fire.
Your roots penetrate the ground.
You cannot move.
It was a potion of invisibility.
You fade into invisibility!
The orc warlord hits you with a +3 war axe!
* * * LOW HITPOINT WARNING * * *
You are very lightly contaminated with residual magic.
It was a potion of magic.
Magic courses through your body.
The orc warlord hits you with a +3 war axe!
* * * LOW HITPOINT WARNING * * *
As you read the scroll labelled SUTUYBU FOATO, it crumbles to dust.
A profound silence engulfs you.
It was a scroll of silence.
The orc warlord hits you with a +3 war axe.
You die...

..# #...(...# .##
##..))[## ## ####)##
.## ##...).## ..#
#.......# ..##..
##.......## ...#......
#.........#
...###...###....)....##
....###'###.....♣.....#
...##88.88##)..o.....##
...#.......#.........#
..##.......##(......##
..'.........)...(...#
.##.........##.....##
##.....⌠.....#######
##.........##
#.........#


You could see an orc warlord.

Vanquished Creatures
  Pikel (D:6)
  An orc knight (Bailey)
  2 centaur zombies (D:5)
  Eustachio (D:4)
  A steam dragon (D:6)
  Menkaure (D:4)
  A water moccasin (D:6)
  2 sky beasts
  21 orc warriors (Bailey)
  Duvessa (D:6)
  3 ogres
  A phantom (D:3)
  2 kobold brigands
  A water moccasin zombie (D:5)
  A scorpion (D:5)
  A water moccasin skeleton (D:4)
  Dowan (D:6)
  A howler monkey (D:7)
  2 jellies (D:6)
  A hound (D:6)
  2 orc priests (D:6)
  Crazy Yiuf (D:2)
  A gnoll shaman (D:5)
  A bullfrog skeleton (D:6)
  A centaur skeleton (D:4)
  Terence (D:2)
  2 iguanas
  2 orc wizards (D:6)
  Robin (D:2)
  14 gnolls
  9 adders
  2 white imps
  2 adder skeletons
  A worm (D:4)
  A dart slug (D:2)
  14 orcs
  7 ball pythons
  4 endoplasms
  3 giant cockroaches
  25 hobgoblins
  11 jackals
  13 kobolds
  6 quokkas
  5 bats
  4 frilled lizards (D:1)
  33 goblins
  3 rats (D:1)
215 creatures vanquished.

Notes
Turn   | Place    | Note
-------+----------+-------------------------------------------
     0 | D:1      | AmazingTV the Minotaur Fighter began the quest for the Orb.
     0 | D:1      | Reached XP level 1. HP: 19/19 MP: 0/0
   161 | D:1      | Reached XP level 2. HP: 23/27 MP: 1/1
   488 | D:1      | Reached skill level 1 in Maces & Flails
   672 | D:1      | Reached XP level 3. HP: 29/33 MP: 2/2
   811 | D:1      | Reached skill level 1 in Invocations
  1213 | D:2      | Noticed Robin
  1228 | D:2      | Noticed Terence
  1523 | D:2      | Killed Robin
  1528 | D:2      | Reached XP level 4. HP: 37/40 MP: 3/3
  1595 | D:2      | Killed Terence
  1850 | D:2      | Found a runed translucent door.
  1851 | D:2      | Noticed Crazy Yiuf
  1873 | D:2      | You fall into a shaft and drop 2 floors!
  2491 | D:2      | Killed Crazy Yiuf
  2492 | D:2      | Reached XP level 5. HP: 22/46 MP: 5/5
  3174 | D:3      | Noticed Sigmund
  3197 | D:3      | Noticed a phantom
  3211 | D:3      | Killed a phantom
  3212 | D:3      | Reached XP level 6. HP: 32/53 MP: 6/6
  3597 | D:3      | Found a faded altar of an unknown god.
  3816 | D:3      | Found a sacrificial altar of Ru.
  4196 | D:4      | Reached skill level 5 in Shields
  4221 | D:4      | Noticed Eustachio
  4259 | D:4      | Killed Eustachio
  4260 | D:4      | Reached skill level 5 in Fighting
  4260 | D:4      | Reached skill level 5 in Armour
  4260 | D:4      | Reached XP level 7. HP: 61/61 MP: 6/8
  4280 | D:4      | Found a shadowy altar of Dithmenos.
  4322 | D:4      | Found a sparkling altar of Nemelex Xobeh.
  4341 | D:4      | Found Biafelann's Weapon Shop.
  4658 | D:5      | Entered Level 5 of the Dungeon
  4733 | D:5      | Found an iron altar of Okawaru.
  4764 | D:5      | Reached skill level 5 in Axes
  4775 | D:5      | Reached XP level 8. HP: 68/70 MP: 9/9
  5248 | D:5      | Found a hazy altar of Hepliaklqana.
  5264 | D:5      | Found Pirecvam's Jewellery Shoppe.
  5471 | D:4      | Noticed Menkaure
  5481 | D:4      | Killed Menkaure
  5482 | D:4      | Reached skill level 1 in Crossbows
  5879 | D:6      | Noticed Duvessa
  5879 | D:6      | Noticed Dowan
  6222 | D:6      | Killed Dowan
  6223 | D:6      | Reached XP level 9. HP: 76/79 MP: 10/10
  6237 | D:6      | Killed Duvessa
  6580 | D:6      | Noticed Pikel
  6611 | D:6      | Killed Pikel
  7092 | D:6      | Found a radiant altar of Vehumet.
  7370 | D:7      | Found a flagged portal.
  7392 | Bailey   | Entered a bailey
  7566 | Bailey   | Reached skill level 5 in Crossbows
  7681 | Bailey   | Reached XP level 10. HP: 89/90 MP: 11/11
  8425 | Bailey   | Noticed an orc knight
  8585 | Bailey   | Killed an orc knight
  8768 | Bailey   | Reached skill level 10 in Fighting
  8768 | Bailey   | Reached skill level 10 in Axes
  8768 | Bailey   | Reached skill level 10 in Armour
  8768 | Bailey   | Reached XP level 11. HP: 101/101 MP: 12/12
  8769 | Bailey   | Acquired a scarf of repulsion
  8782 | Bailey   | Noticed an orc warlord
  8805 | Bailey   | HP: 2/101 [orc warlord (22)]
  8912 | Bailey   | HP: 2/151 [orc warlord (13)]
  8913 | Bailey   | Slain by an orc warlord

Illustrated notes

Levels and vault maps discovered:
D:1:      psy_arrival_fountain, layout_basic, hangedman_abyss_or_decor_stabs
D:2:      layout_loops_ring, grunt_decor_arrowhead, uniq_terence, uniq_robin,
          uniq_crazy_yiuf_cottage
D:3:      layout_basic, lemuel_doored_altar, ebering_ecumenical_altar_abandoned,
          uniq_sigmund
D:4:      layout_basic, lemuel_crystal_altar, mainiacjoe_overflow_alcove_1,
          serial_shops, nicolae_shop_waterfront, kennysheep_generic_room_9,
          uniq_eustachio, uniq_menkaure
D:5:      layout_basic, general_overflow_altar, nzn_hepliaklqana_mist_gate,
          serial_shops, nicolae_shop_temple_entry_statues_fountains,
          dk_rats_in_the_wall
D:6:      layout_loops_ring, vehumet_statue, uniq_duvessa, uniq_pikel
D:7:      layout_basic, temple_green, enter_bailey_5
Bailey:   bailey_axe_minmay_hex_keep, bailey

Skill      XL: |  1  2  3  4  5  6  7  8  9 10 |
---------------+-------------------------------+-----
Maces & Flails | 1 2 3 4 |  4.8
Shields        | 4 5 6 |  6.3
Armour         | 4 5 7 8 10 | 10.8
Invocations    | 1 2 3 |  3.9
Fighting       | 4 5 7 8 10 | 10.8
Axes           | 3 4 5 6 8 10 | 10.4
Crossbows      | 2 5 8 |  8.0

Action                   |  1- 3 |  4- 6 |  7- 9 | 10-12 || total
-------------------------+-------+-------+-------+-------++-------
Melee: War axe           |    85 |    51 |       |       ||   136
       Headbutt          |    13 |    19 |    66 |    38 ||   136
       Mace              |       |    82 |   318 |   163 ||   563
 Fire: Hand crossbow     |       |       |    26 |       ||    26
Throw: Dart              |       |       |       |     9 ||     9
  Use: Potion            |       |       |       |    12 ||    12
       Scroll            |       |       |       |     2 ||     2
Armor: Scale mail        |    51 |    98 |   115 |    50 ||   314
Dodge: Dodged            |    24 |    82 |   137 |    77 ||   320
Block: Kite shield       |    56 |    96 |   183 |   106 ||   441
